cohdb
Replays
Latest Replays
All Replays
Popular Replays
Top Player Replays
Match Explorer
How It Works
Community
CoH3 Stats
Reddit
Sign in to upload your games and track your stats! →
Sign in with Steam
Match 43134640
Unlisted
Match 43134640
Overview
Messages
Build Orders
End
Royal Engineer Section
Selects Canadian Shock Battlegroup
Construct Section Command Post
Dingo Light Scout Car
Infantry Section
Infantry Section
Selects Attacking Spirit
Selects Canadian Shock Section
Canadian Shock Section
Canadian Shock Section
Selects Incendiary Munitions
Grenade Package
Construct Platoon Command Post
Infantry Section
Construct Company Command Post
Crusader II Medium Tank
Construct Field Infirmary
Selects Pyrotechnics
Trion
RamsHead
0
0
Comments
sign in to comment!
No comments posted yet!